 Dungeon Crawl Stone Soup version 0.25-a0-829-g4e6a552925 (webtiles) character file.

Game seed: 4123900114668861067, levelgen mode: deterministic

6795 Maedhros the Covert (level 11, -11/72 HPs)
             Began as an Octopode Artificer on Apr 21, 2020.
             Was a Priest of Cheibriados.
             Killed from afar by an acid dragon (17 damage)
             ... with a splash of acid
             ... on level 11 of the Dungeon.
             The game lasted 00:10:04 (9084 turns).

Maedhros the Covert (Octopode Artificer)            Turns: 9084, Time: 00:10:04

Health: -11/72     AC:  1    Str: 19    XL:     11   Next: 5%
Magic:  17/17      EV: 17    Int: 26    God:    Cheibriados [***...]
Gold:   594        SH:  4    Dex: 23    Spells: 10/10 levels left

rFire    + . .     SeeInvis .     - Unarmed
rCold    . . .     Gourm    .   F - +0 buckler
rNeg     . . .     Faith    .   (helmet restricted)
rPois    +         Spirit   .   (no amulet)
rElec    .         Reflect  .   v - ring of poison resistance
rCorr    .         Harm     .   x - +3 ring of intelligence
MR       .....                  y - +1 ring of slaying
Stlth    ++++++....             b - ring of fire
HPRegen  0.22/turn              z - ring of protection from cold
MPRegen  0.15/turn              (no ring)
                                (no ring)
                                (no ring)

@: very slow
A: almost no armour, stealthy swim, amphibious, 8 rings, constrict 8, camouflage
1, gelatinous body 1
a: Bend Time, Temporal Distortion, Renounce Religion


You were on level 11 of the Dungeon.
You worshipped Cheibriados.
Cheibriados was most pleased with you.
You were not hungry.

You visited 2 branches of the dungeon, and saw 12 of its levels.
You also visited: Sewer.

You collected 594 gold pieces.

Inventory:

Hand Weapons
 p - a +0 rapier
 q - a +0 short sword of protection
Armour
 F - a +0 buckler (worn)
Jewellery
 b - a ring of fire (on tentacle)
 v - a ring of poison resistance (left tentacle)
 x - a +3 ring of intelligence (right tentacle)
 y - a +1 ring of slaying (on tentacle)
 z - a ring of protection from cold (on tentacle)
 C - an uncursed amulet of the acrobat
 E - an uncursed ring of fire
Wands
 c - a wand of enslavement (2)
 d - a wand of random effects (28)
 w - a wand of digging (4)
 B - a wand of polymorph (10)
Scrolls
 a - a scroll of enchant weapon {unknown}
 g - 11 scrolls of teleportation
 h - 2 scrolls of magic mapping
 j - 6 scrolls of remove curse
 k - 2 scrolls of amnesia
 m - a scroll of blinking
 o - 2 scrolls of enchant armour
 s - 7 scrolls of identify
 t - 3 scrolls of fog {unknown}
 u - 2 scrolls of random uselessness {unknown}
 A - a scroll of noise {unknown}
Potions
 e - 2 potions of magic
 i - 2 potions of flight
 l - a potion of curing
 n - 3 potions of stabbing
 r - a potion of cancellation {unknown}
Miscellaneous
 D - a box of beasts
Comestibles
 f - 12 rations


   Skills:
 + Level 5.5 Fighting
 - Level 1.0 Short Blades
 + Level 5.8 Dodging
 + Level 10.3 Stealth
 * Level 10.3 Unarmed Combat
 + Level 8.7 Evocations


You had 10 spell levels left.
You didn't know any spells.
Your spell library was empty.

Dungeon Overview and Level Annotations

Branches:
Dungeon (11/15)            Temple (1/1) D:6           Sewer (visited)
   Lair: D:8-11         Orc: D:9-12

Altars:
Ashenzari
Cheibriados
Dithmenos
Fedhas
Gozag
Kikubaaqudgha
Qazlal
Ru
Sif Muna
Trog
Xom
Yredelemnul


Innate Abilities, Weirdness & Mutations

You cannot wear most types of armour.
You are very stealthy in the water. (Stealth+)
You are amphibious.
You can wear up to eight rings at the same time.
You can use your tentacles to constrict eight enemies at once.
Your skin changes colour to match your surroundings (Stealth+).
Your rubbery body absorbs attacks. (AC +1, EV +1)


Message History

The wyvern bites your manticore!!
Your manticore bites the wyvern!!
The wyvern dies!
Cheibriados thoroughly appreciates the change of pace.
Really attack your manticore?
You barely miss your manticore.
The manticore is no longer charmed.
You squeeze the manticore, but do no damage.
The manticore is almost dead.
An acid dragon comes into view.
The manticore bites you!
* * * LOW HITPOINT WARNING * * *
The manticore claws you.
* * * LOW HITPOINT WARNING * * *
The manticore claws you!
* * * LOW HITPOINT WARNING * * *
You bludgeon the manticore!
You kill the manticore!
Cheibriados appreciates the change of pace.
The acid dragon spits acid at you. The splash of acid hits you!
You die...

...
#≈.###############
D≈>...............
≈≈≈...............
≈≈.........#######
≈≈...).....#.....#
≈≈...††..........#
≈≈####@...#.)...#
#....#.<...# ##.
#.)..##.####
#...≈######)#.##.#
c../...§...........
cc.#.##############


You could see an acid dragon.

Vanquished Creatures
  Erica (D:8)
  A two-headed ogre (D:10)
  A manticore (D:11)
  Joseph (D:8)
  A gargoyle (D:9)
  A troll (D:9)
  A human (D:8)
  A hippogriff (D:8)
  A hog (D:8)
  4 ogres
  A hungry ghost (D:8)
  Purgy (Sewer)
  4 orc warriors
  2 black bears
  An eye of draining (D:10)
  A sky beast (D:8)
  5 centaurs
  A big kobold (D:7)
  3 bullfrogs
  A scorpion (D:8)
  5 killer bees (D:9)
  A howler monkey (D:7)
  7 crimson imps
  A quasit (D:6)
  A bullfrog skeleton (D:4)
  A bullfrog zombie (D:10)
  4 hounds
  A jelly (D:9)
  9 orc wizards
  2 centaur skeletons
  Crazy Yiuf (D:4)
  4 orc priests
  An iguana (D:7)
  Ijyb (D:3)
  7 worker ants
  A howler monkey zombie (D:7)
  A gnoll (D:1)
  6 adders
  3 river rats (D:6)
  2 shadow imps (D:7)
  An ooze (D:7)
  2 adder skeletons (D:4)
  2 worms
  A dart slug (D:4)
  4 leopard geckos
  21 orcs
  3 ball pythons
  7 giant cockroaches
  4 goblins
  3 hobgoblins
  5 jackals
  3 quokkas
  5 bats
  6 frilled lizards
  8 kobolds
  A quokka zombie (D:6)
  7 rats
175 creatures vanquished.

Vanquished Creatures (collateral kills)
  Maurice (D:11)
  A wyvern (D:11)
  A yak (D:8)
  A hog (D:8)
  A phantom (D:5)
  A killer bee (D:9)
  An orc wizard (D:5)
  A howler monkey skeleton (D:5)
  2 orcs
10 creatures vanquished.

Vanquished Creatures (others)
  A hog (D:8)
  An orc wizard (D:8)
2 creatures vanquished.

Grand Total: 187 creatures vanquished

Notes
Turn   | Place    | Note
-------+----------+-------------------------------------------
     0 | D:1      | Maedhros the Octopode Artificer began the quest for the
                  | Orb.
     0 | D:1      | Reached XP level 1. HP: 13/13 MP: 3/3
    70 | D:1      | Reached skill level 1 in Unarmed Combat
    70 | D:1      | Reached XP level 2. HP: 10/18 MP: 4/4
   274 | D:1      | Reached XP level 3. HP: 7/23 MP: 5/5
   819 | D:3      | Noticed Ijyb
   820 | D:3      | Found a basalt altar of Yredelemnul.
   827 | D:3      | Killed Ijyb
   827 | D:3      | Reached XP level 4. HP: 22/28 MP: 6/6
  1088 | D:4      | Reached XP level 5. HP: 29/33 MP: 8/8
  1242 | D:4      | Found a shadowy altar of Dithmenos.
  1352 | D:4      | Reached XP level 6. HP: 19/38 MP: 9/9
  1748 | D:4      | Found a runed translucent door.
  1749 | D:4      | Noticed Crazy Yiuf
  1961 | D:4      | Killed Crazy Yiuf
  1986 | D:5      | Entered Level 5 of the Dungeon
  2044 | D:5      | Noticed a phantom
  2057 | D:5      | Killed a phantom
  2093 | D:5      | Reached skill level 5 in Stealth
  2187 | D:5      | Killed an ogre
  2187 | D:5      | Reached skill level 5 in Evocations
  2187 | D:5      | Reached XP level 7. HP: 24/43 MP: 10/10
  2189 | D:5      | Reached skill level 5 in Unarmed Combat
  2717 | D:6      | Found a staircase to the Ecumenical Temple.
  2726 | Temple   | Entered the Ecumenical Temple
  2737 | Temple   | Became a worshipper of Cheibriados the Contemplative
  2796 | D:6      | Found a glowing drain.
  2828 | Sewer    | Entered a sewer
  2846 | Sewer    | Noticed Purgy
  2875 | Sewer    | HP: 2/43 [Purgy (9)]
  2877 | Sewer    | Killed Purgy
  2877 | Sewer    | Reached XP level 8. HP: 1/48 MP: 12/12
  3103 | Sewer    | Reached * piety under Cheibriados
  4362 | D:7      | Reached XP level 9. HP: 55/55 MP: 13/13
  4391 | D:7      | Found a stormy altar of Qazlal.
  4671 | D:8      | Noticed Joseph
  4681 | D:8      | Killed Joseph
  4954 | D:8      | Reached ** piety under Cheibriados
  5217 | D:8      | Found a shattered altar of Ashenzari.
  5225 | D:8      | Noticed Erica
  5496 | D:8      | Killed Erica
  5496 | D:8      | Reached XP level 10. HP: 29/64 MP: 15/15
  5624 | D:8      | Found an opulent altar of Gozag.
  6332 | D:9      | HP: 3/65 [troll (3)]
  6333 | D:9      | Reached skill level 5 in Dodging
  6732 | D:9      | Found an ancient bone altar of Kikubaaqudgha.
  6734 | D:9      | Found a blossoming altar of Fedhas.
  6754 | D:9      | Noticed a gargoyle
  7052 | D:9      | Reached *** piety under Cheibriados
  7526 | D:9      | Killed a gargoyle
  7724 | D:10     | Entered Level 10 of the Dungeon
  7769 | D:10     | Noticed a two-headed ogre
  7778 | D:10     | Killed a two-headed ogre
  7778 | D:10     | Reached skill level 5 in Fighting
  7778 | D:10     | Reached skill level 10 in Stealth
  7781 | D:10     | Reached skill level 10 in Unarmed Combat
  9070 | D:11     | Reached XP level 11. HP: 31/72 MP: 17/17
  9070 | D:11     | Noticed a manticore
  9071 | D:11     | Noticed Maurice
  9081 | D:11     | Killed Maurice
  9084 | D:11     | Killed a manticore
  9084 | D:11     | Killed from afar by an acid dragon

Levels and vault maps discovered:
D:1:      dpeg_arrival_pits, layout_rooms
D:2:      layout_loops_ring, first_ration, minmay_misc_feat_rugged,
          roderic_serpentine_path, minmay_pentomino_u4
D:3:      layout_loops_ring, lightli_temple_of_fire, old_standard_altar,
          old_standard_altar, serial_glass, glass_columns_a, glass_columns_a,
          uniq_ijyb
D:4:      layout_loops_ring, minmay_ruined_shrine, uniq_crazy_yiuf_cottage
D:5:      layout_rooms
D:6:      layout_basic, minmay_temple_entry_mini_moons, portal_sewer_entry_b,
          roderic_lattice_a
D:7:      layout_loops_cross, marbit_many_paths
D:8:      layout_gridville, nicolae_gozag_seed_capital, old_standard_altar,
          grunt_livestock, uniq_joseph, uniq_erica
D:9:      layout_roguey, grunt_temple_overflow_growth_and_decay,
          minmay_misc_feat_ornament
D:10:     layout_long_grid, hangedman_abyss_or_decor_clamps
D:11:     kb_forest_paths, layout_basic, serial_shops, kennysheep_little_box,
          ebering_ghost_disaster_area, uniq_maurice
Temple:   eino_temple_water

Skill      XL: |  1  2  3  4  5  6  7  8  9 10 |
---------------+-------------------------------+-----
Unarmed Combat | 1 2 3 4 6 7 9 10 | 10.3
Stealth        | 2 3 4 5 6 7 9 10 | 10.3
Evocations     | 4 5 6 7 8 |  8.7
Fighting       | 2 4 5 |  5.5
Dodging        | 3 4 5 |  5.8
Short Blades   | |  1.0

Action                   |  1- 3 |  4- 6 |  7- 9 | 10-12 || total
-------------------------+-------+-------+-------+-------++-------
Melee: Short sword       |    66 |    95 |   184 |       ||   345
       Constrict         |    20 |    23 |    44 |    29 ||   116
       Tentacles         |    13 |    17 |    43 |    39 ||   112
       Rapier            |     2 |       |       |       ||     2
       Punch             |       |       |    12 |    14 ||    26
       Unarmed           |       |       |     5 |   143 ||   148
Evoke: Wand              |     2 |    17 |    22 |     3 ||    44
  Use: Potion            |       |     4 |     5 |     1 ||    10
       Scroll            |       |       |     8 |     2 ||    10
 Stab: Sleeping          |     4 |     6 |    18 |     9 ||    37
       Paralysed         |       |       |     9 |       ||     9
       Distracted        |       |       |       |     1 ||     1
  Eat: Chunk             |       |     3 |     7 |     5 ||    15
       Ration            |       |       |       |     1 ||     1
Armor: Skin              |    15 |    33 |    59 |     3 ||   110
Dodge: Dodged            |    44 |    40 |   137 |   103 ||   324
Block: Buckler           |       |       |       |     2 ||     2

Table legend:
 A = Non-vault XP
 B = Vault XP
 C = Vault XP percentage of total XP
 D = Non-vault monster count
 E = Vault monster count
 F = Vault count percentage of total count
                 A         B        C        D         E       F
            +---------+---------+-------+---------+---------+-------
      Total |    7046 |    2662 |  27.4 |     153 |      33 |  17.7
            +---------+---------+-------+---------+---------+-------
        D:1 |      40 |       0 |   0.0 |      17 |       0 |   0.0
        D:2 |      19 |       6 |  24.0 |      10 |       4 |  28.6
        D:3 |      25 |      36 |  59.0 |       7 |       1 |  12.5
        D:4 |     221 |      91 |  29.2 |      14 |       5 |  26.3
        D:5 |     474 |       0 |   0.0 |      14 |       0 |   0.0
        D:6 |     344 |      46 |  11.8 |      10 |       7 |  41.2
        D:7 |     931 |       0 |   0.0 |      23 |       0 |   0.0
        D:8 |    1334 |    2066 |  60.8 |      23 |       7 |  23.3
        D:9 |    1595 |       0 |   0.0 |      16 |       0 |   0.0
       D:10 |    1238 |       0 |   0.0 |      11 |       0 |   0.0
       D:11 |     825 |     248 |  23.1 |       8 |       1 |  11.1
      Sewer |       0 |     169 | 100.0 |       0 |       8 | 100.0
            +---------+---------+-------+---------+---------+-------
